 Dungeon Crawl Stone Soup version 0.30-a0-1043-g60ff8d5f49 (webtiles) character file.

Game seed: 2328546547796312667

135 Newt the Trooper (level 4, -1/37 HPs)
             Began as a Demonspawn Gladiator on Apr 10, 2023.
             Killed from afar by an orc wizard (5 damage)
             ... with a magic dart
             ... on level 4 of the Dungeon.
             The game lasted 00:03:10 (2478 turns).

Newt the Trooper (Demonspawn Gladiator)             Turns: 2478, Time: 00:03:11

Health: -1/37      AC:  5    Str: 16    XL:     4   Next: 96%
Magic:  4/4        EV: 12    Int: 10    God:
Gold:   93         SH:  0    Dex: 14    Spells: 3/3 levels left

rFire   . . .      SeeInvis .    r - +2 short sword (speed)
rCold   . . .      Faith    +    (no shield)
rNeg    . . .      Spirit   .    b - +0 leather armour
rPois   .          Reflect  .    c - +0 helmet
rElec   .          Rampage  .    (no cloak)
rCorr   .                        (no gloves)
Will    .....                    p - +0 pair of boots
Stlth   +                        k - amulet of faith
HPRegen 0.26/turn                (no ring)
MPRegen 0.09/turn                (no ring)

@: confused
A: hooves 1, weakness stinger 1
a: no special abilities


You were on level 4 of the Dungeon.
You visited 1 branch of the dungeon, and saw 4 of its levels.

You collected 93 gold pieces.

Inventory:

Hand Weapons
 a - a +0 rapier
 r - a +2 short sword of speed (weapon)
Missiles
 d - 3 throwing nets
 e - a javelin
 f - 21 stones (quivered)
 s - 4 poisoned darts
Armour
 b - a +0 leather armour (worn)
 c - a +0 helmet (worn)
 p - a +0 pair of boots (worn)
Jewellery
 k - an amulet of faith (around neck)
Scrolls
 j - 3 scrolls of teleportation
 m - a scroll of magic mapping
 t - 3 scrolls of fear
Potions
 g - a potion of attraction
 h - a potion of mutation
 i - a potion of haste {unknown}
 l - 2 potions of heal wounds
 n - a potion of curing {unknown}
 o - 2 potions of brilliance {unknown}
 q - a potion of ambrosia {unknown}


   Skills:
 - Level 4.0 Fighting
 - Level 4.0 Short Blades
 - Level 1.7 Throwing
 + Level 2.8 Dodging


You had 3 spell levels left.
You didn't know any spells.
Your spell library contained the following spells:

 Spells                   Type           Power      Damage    Failure   Level
 Dazzling Flash           Conj/Hex       0%         N/A       80%         3
 Agony                    Necr           0%         N/A       100%        5
 Silence                  Hex/Air        0%         N/A       100%        5


Dungeon Overview and Level Annotations

Branches:
Dungeon (4/15)
 Temple: D:4-7

Altars:

Shops:
D:2 :   D:3 [


Innate Abilities, Weirdness & Mutations

You have large cloven feet.
You have a small tail.


Message History

The iguana barely misses you.
You hit the iguana.
You kill the iguana!
Training target 4.0 for Short Blades reached!
Your Short Blades skill increases to level 4!
You need to enable at least one skill for training.
Unknown command.
A puff of flame appears from out of thin air!
The puff of flame hits you!
* * * LOW HITPOINT WARNING * * *
An orc comes into view. It is wielding a +0 short sword.
You are confused.
The kobold throws a stone.
The stone misses you.
The kobold throws a stone.
The stone hits you but does no damage.
You feel less confused. Something completely misses you. Something hits you.
* * * LOW HITPOINT WARNING * * *
Something hits you but does no damage.
A magic dart appears from out of thin air!
The magic dart hits you.
* * * LOW HITPOINT WARNING * * *
You see here a +0 dagger.
You hear some strange, mumbled words.
You are confused.
An orc wizard appears from thin air!
Reactivating autopickup.
You bump into the rock wall.
The orc wizard points at you and mumbles some strange words.
You are more confused.
An orc wizard appears from thin air!
The orc wizard barely misses you.
The orc wizard attacks as you move away!
The orc wizard hits you with a +0 dagger.
* * * LOW HITPOINT WARNING * * *
The orc wizard attacks as you move away!
The orc wizard hits you with a +0 dagger.
* * * LOW HITPOINT WARNING * * *
The orc wizard casts a spell at you. The magic dart hits you.
You die...

........### ##..
..........# ..# #..#
...####...## #..# #..#
.### ###..# #..####..#
## #..# #...#...## #
##.## #.......#### # #
#..### ##..........##. #
#....#####K.............
##
###....@.oooo...........
.##
########o.............
..### ##.............
....### ##...##.8#8...
##....# .....#...#[#.##
##...# #.......#.8#8.##
#...# #.....##.#.......
##..# ......###.......o
#..# ....
.#...###.........


You could see 2 orc wizards, 3 orcs and a kobold.

Vanquished Creatures
  A hound (D:4)
  An iguana (D:4)
  2 adders
  2 worms (D:3)
  A dart slug (D:1)
  3 orcs (D:3)
  6 endoplasms
  3 giant cockroaches
  5 goblins
  3 hobgoblins
  3 jackals (D:1)
  8 kobolds
  A quokka (D:1)
  3 ball pythons
  3 bats
  4 frilled lizards
  3 rats
52 creatures vanquished.

Notes
Turn   | Place    | Note
-------+----------+-------------------------------------------
     0 | D:1      | Newt the Demonspawn Gladiator began the quest for the Orb.
     0 | D:1      | Reached XP level 1. HP: 16/16 MP: 1/1
   216 | D:1      | Discovered your monstrous ancestry.
   216 | D:1      | Gained mutation: You have large cloven feet. [demonic
                  | ancestry]
   216 | D:1      | Reached XP level 2. HP: 23/23 MP: 2/2
   856 | D:1      | Reached XP level 3. HP: 28/29 MP: 3/3
  1192 | D:2      | Found Yshywnack's Book Emporium.
  1571 | D:3      | HP: 1/30 [orc/+0 short sword (5)]
  1910 | D:3      | Found Xituefoc's Antique Armour Boutique.
  1995 | D:3      | Noticed a wight
  2081 | D:3      | Gained mutation: You have a small tail. [demonic ancestry]
  2081 | D:3      | Reached XP level 4. HP: 37/37 MP: 4/4
  2478 | D:4      | Killed from afar by an orc wizard

Illustrated notes

Levels and vault maps discovered:
D:1:      nagdon_arrival_double_spiral, layout_basic
D:2:      layout_basic, serial_glass, glass_columns_b, glass_columns_a,
          glass_columns_a, glass_columns_a, glass_columns_b, glass_columns_a,
          glass_columns_a, glass_columns_b, serial_shops,
          nicolae_shop_competitors_out_of_business
D:3:      layout_rooms, serial_shops, nicolae_lakefront_shop,
          minmay_misc_feat_columns, lightli_corner_chamber
D:4:      layout_layer_cave, minmay_statues_item

Skill      XL: |  1  2  3  4 |
---------------+-------------+-----
Fighting       | 3 4 |  4.0
Short Blades   | 3 4 |  4.0
Throwing       | |  1.7
Dodging        | |  2.8

Action                     |  1- 3 |  4- 6 || total
---------------------------+-------+-------++-------
  Melee: Rapier            |   151 |       ||   151
         Kick              |    22 |       ||    22
         Short sword       |     2 |    27 ||    29
         Punch             |     2 |     1 ||     3
         Tailslap          |       |     4 ||     4
  Throw: Javelin           |     2 |       ||     2
    Use: Scroll            |     5 |     3 ||     8
         Potion            |     1 |       ||     1
   Stab: Sleeping          |     2 |       ||     2
 Armour: Leather armour    |    43 |     7 ||    50
  Dodge: Dodged            |    87 |    19 ||   106

Table legend: (Time is in decaauts)
 A = Elapsed time spent in this place.
 B = Non-inter-level travel time spent in this place.
 C = Inter-level travel time spent in this place.
 D = Time resting spent in this place.
 E = Time spent auto-exploring this place.
 F = Levels seen in this place.
 G = Mean time per level.
                   A        B        C        D        E       F      G
               +--------+--------+--------+--------+--------+-----+--------+
         Total |   2510 |   2434 |     76 |    147 |   1829 |   4 |  627.5 |
       Dungeon |   2510 |   2434 |     76 |    147 |   1829 |   4 |  627.5 |
               +--------+--------+--------+--------+--------+-----+--------+

Top non-repeatable levels by time:
     D:1: 1035 daAuts
     D:3: 726 daAuts
     D:2: 542 daAuts
     D:4: 205 daAuts
